Map: El Dorado

Players

WeAreLegion

  • Race: Terran Terran
  • League: Silver
  • Spawn Location: 7:00

Dethwing - Winner!

  • Race: Zerg Zerg
  • League: Silver
  • Spawn Location: 5:00

VOD

Have the link to the VOD?

Description

Time

  • Played on: Dec. 2, 2024, 10:47 p.m.
  • Length: 16:15
Show
View Real Time Build Order
Export as new Build Order

WeAreLegion Terran 

Build Orders: Reaper Expand 

Get SALT Encoding   

  12  0:00  SCV  
  13  0:12  SCV  
  14  0:18  Supply Depot  
  14  0:27  SCV  
  15  0:40  SCV  
  15  0:42  Barracks  
  16  0:47  Refinery  
  16  0:52  SCV  
  17  1:04  SCV  
  17  1:16  SCV  
  18  1:28  Orbital Command  
  18  1:33  Reaper  
  19  1:48  Command Center  
  19  1:54  SCV  
  20  2:00  Supply Depot  
  20  2:06  SCV  
  21  2:10  Marine  
  22  2:18  SCV  
  22  2:20  Factory  
  23  2:32  Barracks Reactor, Bunker  
  23  2:35  SCV  
  24  2:42  Refinery  
  24  2:48  SCV  
  25  2:51  Supply Depot  
  25  3:00  SCV  
  26  3:12  SCV  
  27  3:23  Starport  
  27  3:25  SCV  
  28  3:28  Orbital Command  
  28  3:37  SCV  
  29  3:43  Barracks Reactor  
  29  3:46  Hellion x2  
  33  3:49  SCV  
  34  3:56  SCV  
  34  4:01  SCV, Medivac  
  38  4:08  SCV  
  38  4:13  SCV  
  39  4:20  SCV  
  39  4:24  Hellion x2  
  41  4:25  SCV, Marine x2  
  44  4:32  SCV  
  43  4:43  Marine  
  43  4:45  Hellion  
  41  5:18  SCV, Marine, Widow Mine x2  
  47  5:26  Refinery  
  47  5:48  Supply Depot x2  
  47  6:09  Marine x2  
  47  6:10  SCV  
  50  6:15  Command Center  
  50  6:22  SCV  
  50  6:25  Barracks  
  51  6:28  Barracks  
  51  6:32  Marine x2  
  53  6:34  SCV, Liberator  
  53  6:39  Widow Mine x2  
  61  6:46  SCV  
  62  6:49  Supply Depot  
  62  6:50  Marine  
  63  7:04  Marine  
  63  7:07  Widow Mine  
  63  7:08  SCV  
  63  7:09  Marine  
  63  7:10  Widow Mine  
  64  7:20  SCV  
  64  7:22  Marine  
  65  7:27  Marine  
  65  7:29  Widow Mine  
  67  7:32  SCV, Widow Mine  
  70  7:39  Supply Depot  
  70  7:40  Marine  
  70  7:41  Barracks Tech Lab  
  70  7:42  Barracks Reactor  
  71  7:44  SCV  
  71  7:45  Marine  
  71  7:50  Hellion  
  75  7:56  SCV  
  75  7:58  Marine  
  77  8:00  Engineering Bay, Barracks  
  77  8:08  SCV  
  78  8:20  SCV  
  78  8:22  Marine x2  
  81  8:36  SCV  
  81  8:40  Marine x2  
  84  8:43  Widow Mine x2  
  84  8:48  SCV  
  89  8:58  Marine x2  
  89  9:00  SCV  
  89  9:01  Orbital Command  
  89  9:04  Widow Mine x2  
  93  9:12  SCV  
  94  9:29  Supply Depot  
  94  9:35  Supply Depot  
  94  9:36  SCV, Marine x2, Widow Mine  
  99  9:39  Stimpack  
  99  9:40  Barracks Tech Lab  
  99  9:42  Marauder  
  99  9:45  Starport Reactor  
  101  9:52  Supply Depot  
  101  9:54  Marine x2  
  103  10:04  Combat Shield  
  103  10:07  Terran Infantry Weapons Level 1  
  103  10:11  Marine x2  
  105  10:16  SCV  
  105  10:18  Refinery  
  105  10:19  Refinery  
  106  10:28  SCV  
  106  10:29  Marine x2  
  109  10:40  SCV  
  110  10:52  SCV  
  111  10:59  SCV  
  111  11:00  Marine x2  
  111  11:01  Marine x3  
  111  11:03  Widow Mine x2  
  121  11:05  SCV  
  121  11:08  Liberator  
  126  11:11  SCV  
  126  11:21  Command Center  
  126  12:08  Concussive Shells, Terran Infantry Armor Level 1  
  126  12:24  Barracks  
  126  12:28  Missile Turret, Barracks  
  126  12:30  Missile Turret  
  126  12:32  Marine x4  
  126  12:33  SCV x2, Marauder, Widow Mine x2  
  126  12:37  Missile Turret  
  138  12:44  Orbital Command  
  138  12:45  SCV x2  
  138  12:50  Marine  
  141  12:51  Command Center  
  141  12:52  Marine x2  
  141  12:57  Missile Turret  
  141  12:59  Marine  
  141  13:06  SCV x2  
  141  13:07  Marauder, Widow Mine x2  
  141  13:24  Marine x4  
  141  13:25  SCV x3  
  148  13:28  Marauder  
  148  13:29  Supply Depot  
  148  13:30  Supply Depot x2  
  148  13:31  Supply Depot  
  150  13:35  Barracks Tech Lab, Barracks Reactor  
  150  13:36  Supply Depot  
  150  13:37  SCV x3  
  153  13:49  SCV, Marauder  
  153  13:51  Supply Depot  
  156  13:57  SCV  
  156  13:58  SCV  
  156  14:01  SCV  
  159  14:04  Marine x3  
  159  14:05  Marine  
  159  14:06  Widow Mine x2  
  159  14:07  Liberator x2  
  174  14:10  SCV  
  174  14:11  Marauder  
  174  14:13  SCV  
  177  14:22  SCV, Marine x4  
  182  14:27  Widow Mine  
  184  14:32  Marauder  
  183  14:40  Marine x2, Ghost Academy  
  185  14:45  Planetary Fortress  
  185  14:50  Medivac x2  
  189  14:53  Marauder  
  191  15:15  Marauder  
  191  15:20  Viking x2  
  124  15:36  Marauder  
Show
View Real Time Build Order
Export as new Build Order

Dethwing Zerg - Winner!

Build Orders: Pool First 

Get SALT Encoding   

  12  0:00  Drone  
  13  0:13  Drone  
  14  0:26  Spawning Pool  
  13  0:30  Drone  
  14  0:47  Overlord  
  14  0:49  Overlord  
  14  1:15  Drone x3  
  17  1:19  Extractor  
  17  1:20  Queen  
  18  1:39  Zergling x4  
  20  1:55  Drone  
  20  2:00  Hatchery  
  20  2:13  Drone  
  20  2:14  Zergling x2  
  22  2:26  Metabolic Boost  
  22  2:38  Zergling x2  
  23  2:47  Zergling x2  
  24  2:59  Zergling x2  
  25  3:06  Overlord  
  25  3:10  Zergling x6  
  28  3:14  Zergling x2  
  29  3:21  Zergling x2  
  30  3:28  Overlord  
  30  3:29  Zergling x2  
  31  3:37  Zergling x2  
  31  3:40  Zergling x2  
  33  3:49  Zergling x2  
  31  4:39  Drone x2  
  31  4:40  Drone x6  
  31  4:41  Drone x3  
  31  4:44  Lair  
  42  4:49  Roach Warren  
  29  5:08  Drone x3  
  29  5:13  Extractor  
  31  5:21  Spine Crawler  
  31  5:23  Spine Crawler, Drone  
  30  5:31  Queen  
  32  5:42  Drone x3  
  35  5:44  Overseer  
  35  5:45  Overseer  
  35  5:56  Drone  
  36  6:13  Drone x2  
  36  6:15  Roach  
  36  6:16  Roach x4  
  48  6:20  Zergling x2  
  48  6:23  Queen  
  51  6:30  Hatchery  
  50  6:34  Drone  
  51  6:45  Hatchery  
  50  6:53  Roach  
  52  6:54  Overlord  
  52  6:55  Overlord x3  
  48  7:19  Spore Crawler  
  47  7:24  Spore Crawler  
  46  7:35  Overseer  
  46  8:09  Drone  
  46  8:10  Drone  
  48  8:17  Drone x3, Infestation Pit  
  50  8:23  Extractor  
  50  8:25  Roach x2  
  50  8:26  Extractor, Roach x2  
  54  8:48  Queen  
  52  8:51  Spore Crawler  
  52  8:55  Drone x5, Spore Crawler  
  55  9:01  Extractor  
  54  9:05  Hydralisk Den  
  54  9:08  Roach x2  
  54  9:09  Roach  
  59  9:13  Drone x4  
  63  9:20  Drone x3  
  66  9:24  Hive  
  66  9:35  Grooved Spines  
  66  9:43  Drone x2  
  66  9:44  Drone  
  66  9:45  Queen  
  71  9:52  Overseer  
  71  9:59  Overseer  
  71  10:05  Drone x3  
  71  10:06  Drone x2  
  76  10:07  Drone x3  
  76  10:09  Drone x2  
  76  10:10  Drone  
  76  10:14  Queen  
  82  10:15  Roach  
  82  10:16  Spine Crawler, Roach x2  
  82  10:18  Overlord x4  
  89  10:23  Pneumatized Carapace  
  89  10:26  Muscular Augments  
  89  10:34  Extractor  
  88  10:39  Overseer  
  88  10:40  Ultralisk Cavern  
  88  10:42  Zergling x8  
  93  10:43  Zergling x6, Roach x2  
  93  10:44  Zergling x4  
  93  10:45  Queen  
  102  10:54  Drone  
  103  11:34  Drone  
  103  11:35  Drone x2  
  103  11:37  Ultralisk x2  
  103  11:38  Ultralisk  
  103  11:39  Drone, Roach  
  127  11:42  Overlord x4  
  127  11:43  Overlord x2  
  127  11:49  Drone  
  128  11:54  Overlord  
  128  12:06  Evolution Chamber  
  128  12:07  Hydralisk x5  
  128  12:08  Hydralisk x2  
  139  12:12  Ravager x3  
  144  12:22  Swarm Host  
  147  12:32  Spire  
  146  12:42  Hydralisk, Ultralisk  
  156  12:44  Roach  
  156  12:45  Zergling x12  
  156  12:46  Zergling x2  
  163  13:00  Unknown  
  163  13:16  Ultralisk  
  163  13:19  Zerg Ground Armor Level 1  
  169  13:23  Drone  
  170  13:38  Drone x3  
  173  13:50  Mutalisk  
  173  13:52  Overlord  
  173  13:53  Overlord x4  
  175  13:57  Chitinous Plating  
  175  14:08  Evolution Chamber  
  175  14:09  Roach  
  176  14:10  Mutalisk  
  176  14:11  Corruptor  
  176  14:12  Corruptor x2  
  176  14:13  Corruptor  
  180  14:38  Overseer x2  
  178  15:03  Mutalisk x2  
  178  15:04  Mutalisk x5  
  192  15:16  Anabolic Synthesis  
  163  15:31  Ultralisk  
  163  15:32  Roach  
  163  15:33  Zergling x8, Roach  
  163  15:34  Zergling x2  
  163  15:35  Zergling x2  
Tags
 
Add a new tag
Caveats
  • Supply blocks, unpowered buildings, or Contaminate may cause inaccurate times.
  • Supply counts are checked every 10 seconds.